 Dungeon Crawl Stone Soup version 0.21-a0-91-ga5031da (webtiles) character file.

1149 Ordine the Slasher (level 8, -2/57 HPs)
             Began as an Octopode Fighter on June 30, 2017.
             Slain by an ogre
             ... wielding a +0 giant club
              (28 damage)
             ... on level 6 of the Dungeon.
             The game lasted 00:11:46 (6196 turns).

Ordine the Slasher (Octopode Fighter)               Turns: 6196, Time: 00:11:46

Health: -2/57      AC:  1    Str: 19    XL:     8   Next: 38%
Magic:  8/8        EV: 12    Int: 11    God:
Gold:   244        SH: 10    Dex: 13    Spells: 7/7 levels left

rFire    . . .     SeeInvis .   a - +1 long sword
rCold    . . .     Gourm    .   b - +0 shield
rNeg     . . .     Faith    .   (helmet restricted)
rPois    .         Spirit   .   C - amulet of rage
rElec    .         Reflect  .   E - +4 ring of strength
rCorr    .         Harm     .   (no ring)
MR       .....                  (no ring)
Stlth    ++........             (no ring)
HPRegen  0.19/turn              (no ring)
MPRegen  0.11/turn              (no ring)
                                (no ring)
                                (no ring)

@: no status effects
A: almost no armour, stealthy swim, amphibious, 8 rings, constrict 8, camouflage
1, gelatinous body 1
a: Evoke Berserk Rage


You were on level 6 of the Dungeon.
You were near starving.

You visited 1 branch of the dungeon, and saw 6 of its levels.
You also visited: Sewer.

You collected 244 gold pieces.

Inventory:

Hand Weapons
 a - a +1 long sword (weapon)
Missiles
 e - 160 stones (quivered)
Armour
 b - a +0 shield (worn)
Magical Staves
 D - an uncursed staff of poison
Jewellery
 C - an amulet of rage (around mantle)
 E - a +4 ring of strength (left tentacle)
Wands
 h - a wand of paralysis (10/24)
 j - a wand of acid (12/15)
 o - a wand of polymorph (19/24)
 p - a wand of iceblast (15/15)
Scrolls
 i - a scroll of enchant armour
 l - a scroll of immolation
 m - 3 scrolls of remove curse
 q - a scroll of fear
 r - 2 scrolls of teleportation
 u - 3 scrolls of fog
 y - 3 scrolls of recharging
Potions
 c - 3 potions of might
 k - 2 potions of curing
 n - 3 potions of magic
 s - a potion of haste
 t - 3 potions of heal wounds
 v - a potion of brilliance {unknown}
 w - 2 potions of lignification {unknown}
 z - a potion of berserk rage {unknown}
 A - a potion of cancellation {unknown}
 B - a potion of flight {unknown}
Books
 x - a book of Misfortune

   Spells                             Type                      Level
   a - Confusing Touch                Hexes                        1
   b - Confuse                        Hexes                        3
   c - Gell's Gravitas                Translocation                3
   d - Petrify                        Transmutation/Earth          4
   e - Metabolic Englaciation         Hexes/Ice                    5
   f - Yara's Violent Unravelling     Hexes/Transmutation          5
Comestibles
 d - 3 bread rations
 f - 4 royal jellies
 g - 4 meat rations


   Skills:
 + Level 5.8 Fighting
 * Level 7.0 Long Blades
 - Level 3.0 Dodging
 + Level 5.6 Shields


You had 7 spell levels left.
You didn't know any spells.

Dungeon Overview and Level Annotations

Branches:
Dungeon (6/15)
 Temple: D:4-7

Altars:
Dithmenos
Uskayaw


Innate Abilities, Weirdness & Mutations

You cannot wear most types of armour.
You are very stealthy in the water. (Stealth+)
You are amphibious.
You can wear up to eight rings at the same time.
You can use your tentacles to constrict eight enemies at once.
Your skin changes colour to match your surroundings (Stealth+).
Your rubbery body absorbs attacks. (AC +1, EV +1)


Message History

You barely miss the scorpion. You grab the scorpion. You squeeze the scorpion.
The scorpion is moderately wounded.
You constrict the scorpion. You block the scorpion's attack.
You hit the scorpion.
The scorpion is severely wounded.
You constrict the scorpion. You block the scorpion's attack.
You slash the scorpion!
You kill the scorpion!
Your Long Blades skill increases to level 7!
You slash the ogre! You squeeze the ogre.
The ogre is heavily wounded.
The ogre misses you.
You hit the ogre.
The ogre is severely wounded.
The ogre hits you with a giant club!
You are too injured to fight recklessly!
You hit the ogre.
The ogre is almost dead.
The ogre hits you with a giant club!!
You die...

#.##.###....##################
#.##.# #....#
##.##.###....########
+.......+....'...>..#
#...#.###....####.#.# #...#.#
###### #.# ##..#.# #.#
#..#.###########.#
#..#........O@...#
#..########'######
...#...............
?.......O......
....#######.$.. ... ... .. ..
. .


You could see an ogre.

Vanquished Creatures
  Sigmund (D:5)
  3 bullfrogs
  2 scorpions (D:6)
  A crimson imp (D:6)
  Crazy Yiuf (D:5)
  2 orc wizards (D:3)
  2 centaur skeletons
  2 iguanas
  A worker ant (D:4)
  2 worker ant zombies
  13 adders
  6 gnolls
  4 river rats (Sewer)
  4 shadow imps
  3 oozes
  An adder skeleton (D:4)
  2 worms
  3 dart slugs
  5 leopard geckos
  14 orcs
  11 ball pythons
  10 bats
  7 giant cockroaches
  10 goblins
  12 hobgoblins
  7 jackals
  8 kobolds
  9 frilled lizards
  33 rats
179 creatures vanquished.

Notes
Turn   | Place    | Note
-------+----------+-------------------------------------------
     0 | D:1      | Ordine the Octopode Fighter began the quest for the Orb.
     0 | D:1      | Reached XP level 1. HP: 16/16 MP: 1/1
    72 | D:1      | Reached XP level 2. HP: 19/21 MP: 2/2
   574 | D:1      | Reached XP level 3. HP: 26/26 MP: 3/3
  1070 | D:2      | Reached skill level 3 in Long Blades
  1118 | D:2      | Reached XP level 4. HP: 32/32 MP: 4/4
  1322 | D:2      | Found a hide-covered altar of Uskayaw.
  2020 | D:2      | Reached XP level 5. HP: 37/37 MP: 5/5
  2303 | D:3      | Found a glowing drain.
  2326 | Sewer    | Entered a sewer
  2350 | Sewer    | Reached skill level 4 in Long Blades
  2665 | Sewer    | Reached XP level 6. HP: 43/43 MP: 6/6
  2737 | Sewer    | Reached skill level 5 in Long Blades
  2993 | D:3      | Found a shadowy altar of Dithmenos.
  3074 | D:3      | Reached XP level 7. HP: 46/49 MP: 7/7
  3778 | D:4      | Reached skill level 5 in Fighting
  4690 | D:5      | Entered Level 5 of the Dungeon
  5033 | D:5      | Found a runed door.
  5081 | D:5      | Noticed Sigmund
  5088 | D:5      | Killed Sigmund
  5088 | D:5      | Reached skill level 6 in Long Blades
  5088 | D:5      | Reached skill level 5 in Shields
  5111 | D:5      | Reached XP level 8. HP: 51/56 MP: 8/8
  5826 | D:5      | Noticed Crazy Yiuf
  5832 | D:5      | Killed Crazy Yiuf
  6028 | D:6      | Identified a scroll of acquirement
  6193 | D:6      | Reached skill level 7 in Long Blades
  6196 | D:6      | Slain by an ogre

Vault maps used:
D:1:      dpeg_arrival_arbitrary_b, supply_closet_lemuel
D:2:      lemuel_doored_altar, first_bread
D:3:      portal_sewer_entry_f, grunt_dithmenos_smoke_and_mirrors
D:4:      minmay_misc_feat_chi
D:5:      uniq_sigmund, uniq_crazy_yiuf_cottage
D:6:      lemuel_insect_pit, temple_green
Sewer:    sewer_minmay_w

Skill      XL: |  1  2  3  4  5  6  7  8 |
---------------+-------------------------+-----
Long Blades    | 3 4 5 6 7 |  7.0
Fighting       | 4 5 |  5.8
Shields        | 4 5 |  5.6
Dodging        | |  3.0

Action                   |  1- 3 |  4- 6 |  7- 9 || total
-------------------------+-------+-------+-------++-------
Melee: Long sword        |    65 |   154 |   106 ||   325
       Constrict         |    16 |    47 |    32 ||    95
       Tentacles         |    14 |    21 |    29 ||    64
Throw: Stone             |       |     1 |       ||     1
  Use: Scroll            |     1 |    10 |     7 ||    18
       Potion            |       |       |     2 ||     2
 Stab: Sleeping          |     8 |     4 |     4 ||    16
       Distracted        |       |     1 |       ||     1
  Eat: Chunk             |     1 |     6 |     8 ||    15
Armor: Skin              |     8 |     9 |     3 ||    20
Dodge: Dodged            |    35 |    78 |    51 ||   164
Block: Shield            |    21 |    69 |    43 ||   133
       Rpst.: Long sword |    11 |    15 |    19 ||    45
